 Dungeon Crawl Stone Soup version 0.28.0-53-g5a82cb258f (webtiles) character file.

Game seed: 11516068025528326678

630 cbfl8 the Chopper (level 7, -2/62 HPs)
             Began as a Hill Orc Fighter on July 31, 2022.
             Was a Follower of Beogh.
             Slain by a water moccasin skeleton (3 damage)
             ... on level 5 of the Dungeon.
             The game lasted 00:05:30 (6671 turns).

cbfl8 the Chopper (Hill Orc Fighter)                Turns: 6671, Time: 00:05:32

Health: -2/62      AC:  8    Str: 21    XL:     7   Next: 48%
Magic:  7/7        EV:  9    Int:  8    God:    Beogh [*.....]
Gold:   215        SH:  4    Dex: 10    Spells: 6/6 levels left

rFire   . . .      SeeInvis .   a - +0 war axe
rCold   . . .      Faith    .   c - +0 buckler
rNeg    . . .      Spirit   .   b - +0 scale mail
rPois   .          Reflect  .   (no helmet)
rElec   .          Harm     .   f - +0 cloak
rCorr   .          Rampage  .   (no gloves)
Will    .....                   (no boots)
Stlth   ..........              (no amulet)
HPRegen 0.20/turn               i - ring of flight
MPRegen 0.10/turn               (no ring)

@: flying
A: no striking features
a: Renounce Religion


You were on level 5 of the Dungeon.
You worshipped Beogh.
Beogh was aware of your devotion.
You visited 1 branch of the dungeon, and saw 5 of its levels.

You collected 251 gold pieces.
You spent 36 gold pieces at shops.

Inventory:

Hand Weapons
 a - a +0 war axe (weapon)
 l - the +5 mace of Destiny {vorpal, MP+9 Str-4 Int+7 Dex+3}
   (You found it on level 2 of the Dungeon)

   It inflicts extra damage upon your enemies.
   Str:       It affects your strength (-4).
   Int:       It affects your intelligence (+7).
   Dex:       It affects your dexterity (+3).
   MP:        It affects your magic capacity (+9).
Armour
 b - a +0 scale mail (worn)
 c - a +0 buckler (worn)
 f - a +0 cloak (worn)
Jewellery
 i - a ring of flight (left hand)
Scrolls
 e - a scroll of enchant weapon {unknown}
 h - a scroll of teleportation
 j - a scroll of fog {unknown}
 k - 3 scrolls of identify {unknown}
 o - 2 scrolls of vulnerability {unknown}
Potions
 d - a potion of attraction {unknown}
 g - 2 potions of curing {unknown}
 m - 2 potions of might
 n - 2 potions of berserk rage {unknown}
 p - 2 potions of heal wounds {unknown}
 q - a potion of flight {unknown}


   Skills:
 + Level 5.9 Fighting
 + Level 6.7 Axes
 + Level 5.3 Armour
 + Level 1.4 Dodging
 + Level 0.2 Stealth
 + Level 3.9 Shields


You had 6 spell levels left.
You didn't know any spells.
Your spell library contained the following spells:

 Spells                   Type           Power      Damage    Failure   Level
 Conjure Flame            Conj/Fire      0%         6-21      99%         3
 Ignite Poison            Fire/Tmut/Pois 0%         N/A       99%         3
 Sticky Flame             Conj/Fire      0%         2d3       100%        4
 Chain Lightning          Conj/Air       0%         N/A       100%        9
 Fire Storm               Conj/Fire      0%         5d1       100%        9
 Shatter                  Erth           0%         3d5*      100%        9


Dungeon Overview and Level Annotations

Branches:
Dungeon (5/15)
 Temple: D:4-7

Altars:
Sif Muna

Shops:
D:4 *   D:5 =


Message History

Unknown command.
You slash the gnoll!
You kill the gnoll!
Beogh accepts your kill.
You hit the gnoll. You slash the hound zombie!
You destroy the hound zombie!
Beogh accepts your kill.
The gnoll hits you from afar with a +0 spear.
The gnoll hits you with a +0 whip.
The gnoll hits you from afar with a +0 spear.
* * * LOW HITPOINT WARNING * * *
As you read the scroll of teleportation, it crumbles to dust.
You feel strangely unstable. The gnoll hits you with a +0 whip.
* * * LOW HITPOINT WARNING * * *
The gnoll barely misses you.
You see here a scroll of teleportation.
Your surroundings suddenly seem different.
An iguana comes into view.
Found a glowing great mace.
Found an escape hatch in the floor and an escape hatch in the ceiling.
The iguana hisses angrily.
A water moccasin skeleton comes into view.
The iguana bites you!
* * * LOW HITPOINT WARNING * * *
You hit the iguana.
The iguana is lightly wounded.
The iguana bites you.
* * * LOW HITPOINT WARNING * * *
You closely miss the iguana.
The iguana is lightly wounded.
The iguana barely misses you.
Unknown command.
Unknown command.
You slash the iguana!
The iguana is severely wounded.
You slash the water moccasin skeleton! The iguana bites you.
* * * LOW HITPOINT WARNING * * *
The water moccasin skeleton bites you but does no damage.
The water moccasin skeleton bites you.
You die...

#.... ##.... ..# ..##
##...<. #.###...#
#...... #........
#......###.......
#..............#
...............#
......Z@l.....# .....#
...##)........# #......
#..##......... ......##
#.. #......##.
.......#.. ....
#...#...# ..........
....# ......#...
............... ≈≈≈.≈≈≈#
.. ...............
≈#≈.≈#≈# .
...............#≈≈≈.≈≈≈#


You could see an iguana and a water moccasin skeleton.

Vanquished Creatures
  A centaur (D:3)
  A scorpion (D:5)
  A wyvern skeleton (D:4)
  A water moccasin skeleton (D:5)
  A howler monkey (D:4)
  A jelly (D:4)
  An iguana (D:4)
  An orc wizard (D:3)
  A hound zombie (D:5)
  2 hound skeletons (D:4)
  6 adders
  8 gnolls
  7 worms
  2 dart slugs
  4 orcs
  12 endoplasms
  10 goblins
  7 hobgoblins
  4 jackals
  9 kobolds
  A quokka (D:4)
  8 ball pythons
  7 bats
  3 frilled lizards
  4 rats
103 creatures vanquished.

Vanquished Creatures (others)
  A giant cockroach (D:3)
  13 plants (D:1)
14 creatures vanquished.

Grand Total: 117 creatures vanquished

Notes
Turn   | Place    | Note
-------+----------+-------------------------------------------
     0 | D:1      | cbfl8 the Hill Orc Fighter began the quest for the Orb.
     0 | D:1      | Reached XP level 1. HP: 19/19 MP: 1/1
   237 | D:1      | Reached XP level 2. HP: 24/27 MP: 2/2
   724 | D:1      | Reached skill level 3 in Axes
   839 | D:1      | Reached XP level 3. HP: 27/33 MP: 3/3
   842 | D:1      | Found a faded altar of an unknown god.
  2321 | D:2      | Identified the +5 mace of Destiny {vorpal, MP+9 Str-4 Int+7
                  | Dex+3}
  2450 | D:2      | Reached skill level 4 in Axes
  2450 | D:2      | Reached XP level 4. HP: 20/41 MP: 4/4
  3366 | D:3      | Noticed a centaur
  3367 | D:3      | Became a worshipper of Beogh the Brigand
  3376 | D:3      | Killed a centaur
  3377 | D:3      | Reached skill level 5 in Axes
  3377 | D:3      | Reached XP level 5. HP: 32/47 MP: 5/5
  3824 | D:3      | Reached skill level 5 in Fighting
  4437 | D:4      | Reached XP level 6. HP: 48/56 MP: 6/6
  5191 | D:4      | Reached skill level 1 in Dodging
  5423 | D:4      | Reached * piety under Beogh
  5772 | D:4      | Found Hyipp's Assorted Antiques.
  5803 | D:4      | Reached skill level 6 in Axes
  5803 | D:4      | Reached XP level 7. HP: 60/62 MP: 7/7
  6082 | D:4      | Reached skill level 5 in Armour
  6393 | D:4      | Bought a fuming red potion for 18 gold pieces
  6393 | D:4      | Bought a white potion for 18 gold pieces
  6412 | D:5      | Entered Level 5 of the Dungeon
  6573 | D:5      | Found a shimmering blue altar of Sif Muna.
  6641 | D:5      | Found Hageheipn's Jewellery Shop.
  6671 | D:5      | HP: 1/62 [iguana (6)]
  6671 | D:5      | Slain by a water moccasin skeleton

Illustrated notes

Levels and vault maps discovered:
D:1:      minmay_arrival_loop, layout_loops_ring,
          dilly_ecumenical_altar_fadedgnrine
D:2:      minmay_diamond_boxcup, layout_loops_ring
D:3:      layout_loops_ring
D:4:      layout_loops_ring, serial_shops, shop,
          minmay_fractal_squares_diagonal_5
D:5:      layout_cave_pools, old_standard_altar, temple_hall_moat, serial_shops,
          shop, due_unseen_surprise

Skill      XL: |  1  2  3  4  5  6  7 |
---------------+----------------------+-----
Fighting       | 4 5 |  5.9
Axes           | 3 4 5 6 |  6.7
Armour         | 4 5 |  5.3
Dodging        | 1 |  1.4
Stealth        | |  0.2
Shields        | |  3.9

Action                   |  1- 3 |  4- 6 |  7- 9 || total
-------------------------+-------+-------+-------++-------
Melee: War axe           |   112 |   167 |    58 ||   337
       Mace              |       |     3 |       ||     3
Invok: Convert to Beogh  |       |     1 |       ||     1
  Use: Potion            |       |     1 |       ||     1
       Scroll            |       |     1 |     1 ||     2
Armor: Scale mail        |    44 |    94 |    38 ||   176
Dodge: Dodged            |    42 |   115 |    28 ||   185
Block: Buckler           |    22 |    43 |    11 ||    76
